 Dungeon Crawl Stone Soup version 0.27-a0-320-g81d27af2d4 (webtiles) character file.

Game seed: 13213360396676486397

18 tsouns the Sneak (level 2, 0/15 HPs)
             Began as a Kobold Enchanter on Feb 10, 2021.
             Slain by a hobgoblin
             ... wielding a +0 club
              (5 damage)
             ... on level 1 of the Dungeon.
             The game lasted 00:01:22 (1080 turns).

tsouns the Sneak (Kobold Enchanter)                 Turns: 1080, Time: 00:01:23

Health: 0/15       AC:  2    Str:  5    XL:     2   Next: 90%
Magic:  1/5        EV: 15    Int: 16    God:
Gold:   37         SH:  0    Dex: 15    Spells: 2/5 levels left

rFire    . . .     SeeInvis .   a - +1 dagger
rCold    . . .     Faith    .   (shield restricted)
rNeg     . . .     Spirit   .   b - +0 robe
rPois    .         Reflect  .   (no helmet)
rElec    .         Harm     .   (no cloak)
rCorr    .         Rampage  .   (no gloves)
Will     .....                  (no boots)
Stlth    ++++......             (no amulet)
HPRegen  0.05/turn              (no ring)
MPRegen  0.09/turn              (no ring)

@: very slightly contaminated
A: small, nightstalker 3
a: no special abilities


You were on level 1 of the Dungeon.
You visited 1 branch of the dungeon, and saw 1 of its levels.

You collected 37 gold pieces.

Inventory:

Hand Weapons
 a - a +1 dagger (weapon)
Armour
 b - a +0 robe (worn)
Potions
 c - 2 potions of invisibility {unknown}


   Skills:
 + Level 2.0 Short Blades
 + Level 2.7 Dodging
 + Level 4.3 Stealth
 + Level 2.4 Spellcasting
 + Level 3.1 Hexes


You had 2 spell levels left.
You knew the following spells:

 Your Spells              Type           Power        Failure   Level
a - Corona                Hex            13%          5%          1
b - Ensorcelled Hibernat  Hex/Ice        14%          16%         2

Your spell library contained the following spells:

 Spells                   Type           Power        Failure   Level
 Confusing Touch          Hex            12%          16%         3
 Tukima's Dance           Hex            12%          16%         3
 Dazzling Flash           Conj/Hex       14%          30%         3


Dungeon Overview and Level Annotations

Branches:
Dungeon (1/15)

Altars:


Innate Abilities, Weirdness & Mutations

You are small and have problems with some larger weapons.
You are completely attuned to the shadows.


Message History

The hobgoblin is moderately wounded.
The hobgoblin barely misses you.
You hit the hobgoblin but do no damage.
The hobgoblin is moderately wounded.
The hobgoblin closely misses you.
You hit the hobgoblin.
The hobgoblin is heavily wounded.
You hit the hobgoblin but do no damage.
The hobgoblin is heavily wounded.
The hobgoblin hits you but does no damage.
You hit the hobgoblin but do no damage.
The hobgoblin is heavily wounded.
The hobgoblin barely misses you.
You hit the hobgoblin but do no damage.
The hobgoblin is heavily wounded.
The hobgoblin barely misses you.
You hit the hobgoblin but do no damage.
The hobgoblin is heavily wounded.
The hobgoblin hits you with a +0 club.
Your magical contamination has completely faded away.
You hit the hobgoblin but do no damage.
The hobgoblin is heavily wounded.
You hit the hobgoblin but do no damage.
The hobgoblin is heavily wounded.
The hobgoblin hits you with a +0 club.
You completely miss the hobgoblin.
The hobgoblin is heavily wounded.
The hobgoblin stops glowing.
The hobgoblin barely misses you.
You hit the hobgoblin but do no damage.
The hobgoblin is heavily wounded.
The hobgoblin hits you with a +0 club.
Casting: Corona (safe; 5% risk of failure)
Confirm with . or Enter, or press ? or * to list all spells.
Aiming: Corona (safe; 5% risk of failure)
Press: ? - help, Shift-Dir - straight line, f/p - hobgoblin
Aim: a hobgoblin, wielding a +0 club (moderately wounded, chance to affect: 66%)
You miscast Corona.
You are very lightly contaminated with residual magic.
Nothing appears to happen.
The hobgoblin hits you with a +0 club.
You die...

... #.###...####..#.....
...## #.......## #..##....
....# #######..# #..#.....
....# #..###(.#..... .g÷.#
#...##..##.... ....#
#....#.†......
....#########
#....#.#######
......÷.....########....#.#
#
########......gg@.......#.#
# #..##.######.##..#.#### #
#..##.#....#.##.......#
#..##.#.##.#.##.......#
#..##.#.#..#.##.......#
#..##.#.#<.#.##....####
#..##.#.####.##...>#####
#..##.#..........#.....#
#.....#######....#.###.#


You could see 2 hobgoblins.

Vanquished Creatures
  A dart slug (D:1)
  4 bats (D:1)
  2 goblins (D:1)
  3 hobgoblins (D:1)
  3 jackals (D:1)
  A kobold (D:1)
14 creatures vanquished.

Notes
Turn   | Place    | Note
-------+----------+-------------------------------------------
     0 | D:1      | tsouns the Kobold Enchanter began the quest for the Orb.
     0 | D:1      | Reached XP level 1. HP: 10/10 MP: 3/3
   191 | D:1      | Reached XP level 2. HP: 8/15 MP: 1/5
   194 | D:1      | Learned a level 2 spell: Ensorcelled Hibernation
  1080 | D:1      | Slain by a hobgoblin

Illustrated notes

Levels and vault maps discovered:
D:1:      zelgadis_glass_arrival_small, layout_basic, due_unseen_surprise

Skill      XL: |  1  2 |
---------------+-------+-----
Short Blades   | 2 |  2.0
Dodging        | |  2.7
Stealth        | |  4.3
Spellcasting   | |  2.4
Hexes          | |  3.1

Action                   || total
-------------------------++-------
Melee: Dagger            ||    68
 Cast: Corona            ||     8
       Ensorcelled Hiber ||     3
 Stab: Sleeping          ||     6
Armor: Robe              ||     6
Dodge: Dodged            ||    52

Table legend: (Time is in decaauts)
 A = Elapsed time spent in this place.
 B = Non-inter-level travel time spent in this place.
 C = Inter-level travel time spent in this place.
 D = Time resting spent in this place.
 E = Time spent auto-exploring this place.
 F = Levels seen in this place.
 G = Mean time per level.
                   A        B        C        D        E       F      G
               +--------+--------+--------+--------+--------+-----+--------+
         Total |   1074 |   1074 |      0 |      0 |    912 |   1 | 1074.0 |
       Dungeon |   1074 |   1074 |      0 |      0 |    912 |   1 | 1074.0 |
               +--------+--------+--------+--------+--------+-----+--------+

Top non-repeatable levels by time:
     D:1: 1074 daAuts
